 Dungeon Crawl Stone Soup version 0.22-a0-322-g60b3cfd (webtiles) character file.

782 xccam the Fighter (level 7, -4/100 HPs)
             Began as a Gnoll Wanderer on Apr 4, 2018.
             Slain by PeterLawrence's ghost (5 damage)
             ... on level 4 of the Dungeon.
             The game lasted 00:11:57 (5725 turns).

xccam the Fighter (Gnoll Wanderer)                  Turns: 5725, Time: 00:11:58

Health: -4/100     AC: 23    Str: 12 (15) XL:     7   Next: 86%
Magic:  11/11      EV:  2    Int: 14 (15) God:
Gold:   180        SH:  0    Dex: 18 (20) Spells: 11/11 levels left

rFire    . . .     SeeInvis +   l - +2 hand axe (elec)
rCold    . . .     Gourm    .   (no shield)
rNeg     + + +     Faith    .   (armour currently unavailable)
rPois    +         Spirit   .   (helmet currently unavailable)
rElec    .         Reflect  .   (cloak currently unavailable)
rCorr    .         Harm     .   (gloves currently unavailable)
MR       +....     NoTele   +   (boots currently unavailable)
Stlth    ++++......             (no amulet)
HPRegen  0.26/turn              n - ring of protection from magic
MPRegen  0.12/turn              (no ring)

@: agile, tree-form (expiring), drained
A: distributed training, see invisible, strong nose
a: no special abilities


You were on level 4 of the Dungeon.
You were near starving.
You were a tree.
You visited 1 branch of the dungeon, and saw 5 of its levels.
You also visited: Ossuary.

You collected 180 gold pieces.

Inventory:

Hand Weapons
 k - a +2 morningstar of freezing
 l - a +2 hand axe of electrocution (weapon)
Armour
 a - a +0 cloak (melded)
 r - a +0 scale mail (melded)
Jewellery
 d - an uncursed ring of ice
 n - a ring of protection from magic (left branch)
Scrolls
 g - 2 scrolls of amnesia
 h - 2 scrolls of enchant armour
 i - a scroll of teleportation
 j - 4 scrolls of identify
 o - 2 scrolls of remove curse {unknown}
 p - 2 scrolls of fog {unknown}
 q - a scroll of blinking {unknown}
 u - a scroll of enchant weapon {unknown}
 v - a scroll of magic mapping
 x - 3 scrolls of vulnerability {unknown}
Potions
 c - a potion of agility
 m - a potion of lignification
 t - 2 potions of curing
 w - a potion of flight
Comestibles
 f - 7 rations


   Skills:
 + Level 10.7(10.5) Fighting
 + Level 2.7(2.5) Short Blades
 + Level 2.7(2.5) Long Blades
 + Level 2.7(2.5) Axes
 + Level 2.7(2.5) Maces & Flails
 + Level 2.7(2.5) Polearms
 + Level 2.7(2.5) Staves
 + Level 2.7(2.5) Slings
 + Level 2.7(2.5) Bows
 + Level 2.7(2.5) Crossbows
 + Level 2.7(2.5) Throwing
 + Level 5.3(5.2) Armour
 + Level 2.7(2.5) Dodging
 + Level 3.6(3.5) Stealth
 + Level 3.8(3.6) Shields
 + Level 3.8(3.6) Unarmed Combat
 + Level 2.7(2.5) Spellcasting
 + Level 2.2(2.0) Conjurations
 + Level 2.2(2.0) Hexes
 + Level 2.2(2.0) Charms
 + Level 2.2(2.0) Summonings
 + Level 2.2(2.0) Necromancy
 + Level 2.2(2.0) Translocations
 + Level 2.2(2.0) Transmutations
 + Level 2.2(2.0) Fire Magic
 + Level 2.2(2.0) Ice Magic
 + Level 2.2(2.0) Air Magic
 + Level 2.2(2.0) Earth Magic
 + Level 2.2(2.0) Poison Magic
 + Level 3.0(2.9) Invocations
 + Level 2.7(2.5) Evocations


You had 11 spell levels left.
You didn't know any spells.

Dungeon Overview and Level Annotations

Branches:
Dungeon (5/15)
 Temple: D:4-7

Altars:
Kikubaaqudgha
Makhleb
Wu Jian

Annotations:
D:4 PeterLawrence's ghost, novice GrFi


Innate Abilities, Weirdness & Mutations

Your experience applies equally to all skills.
((You have very sharp teeth.))
Your uncanny sense of smell can sniff out nearby items.
((You have a pair of small antennae on your head.))
((You are partially covered in molten scales. (AC +2)))
You have supernaturally acute eyesight. (SInv)
((Your flesh is cold resistant. (rC+)))


Message History

PeterLawrence's ghost is almost destroyed.
PeterLawrence's ghost hits you but does no damage.
You hit PeterLawrence's ghost but do no damage.
PeterLawrence's ghost is almost destroyed.
Your transformation is almost over.
PeterLawrence's ghost hits you but does no damage.
You closely miss PeterLawrence's ghost.
PeterLawrence's ghost is almost destroyed.
PeterLawrence's ghost hits you but does no damage. x2
You hit PeterLawrence's ghost but do no damage.
PeterLawrence's ghost is almost destroyed.
PeterLawrence's ghost hits you but does no damage.
You hit PeterLawrence's ghost but do no damage.
PeterLawrence's ghost is almost destroyed.
PeterLawrence's ghost hits you!
* * * LOW HITPOINT WARNING * * *
You hit PeterLawrence's ghost.
PeterLawrence's ghost is almost destroyed.
PeterLawrence's ghost hits you.
You die...

##############
###............#
#........#####.###########
###.#.####.♣W...............
###........#.......###########
#..).........####..# #.
#.#.#.#.##.#.####..##########.
#.#.#.#.##.(.......##......##.
#.#.#...<....####..##.####.###
#.#.#.###.##.# #.............
#.....# #....# #......###..##
###.#.###.#######..##..# #..#


You could see PeterLawrence's ghost.

Vanquished Creatures
  A sky beast (D:5)
  A necrophage (D:3)
  A centaur (D:5)
  An orc priest (D:4)
  2 centaur skeletons
  Crazy Yiuf (D:3)
  An iguana (D:4)
  5 big kobold zombies (Ossuary)
  A mummy (Ossuary)
  4 gnolls
  5 adders
  A shadow imp (D:5)
  An ooze (D:1)
  An adder zombie (D:4)
  6 worms (D:2)
  3 dart slugs
  4 leopard geckos
  13 orcs
  4 spectral bats (Ossuary)
  4 giant cockroaches
  8 goblins
  6 hobgoblins
  6 jackals
  7 kobolds
  2 quokkas (D:4)
  5 ball pythons
  5 bats
  2 bat simulacra (Ossuary)
  13 frilled lizards
  A giant cockroach zombie (D:5)
  7 gnoll zombies (Ossuary)
  6 goblin simulacra (Ossuary)
  4 goblin zombies (Ossuary)
  3 hobgoblin zombies (Ossuary)
  5 kobold simulacra (Ossuary)
  4 kobold zombies (Ossuary)
  7 orc zombies (Ossuary)
  4 rats
  2 rat simulacra (Ossuary)
  4 spectral goblins (Ossuary)
  2 spectral kobolds (Ossuary)
  5 spectral rats (Ossuary)
  2 plants (D:3)
170 creatures vanquished.

Notes
Turn   | Place    | Note
-------+----------+-------------------------------------------
     0 | D:1      | Reached skill level 10 in Fighting
     0 | D:1      | xccam the Gnoll Wanderer began the quest for the Orb.
     0 | D:1      | xccam set off with: a +2 dagger, a potion of haste, a +0 hand axe, a potion of lignification, a +0 robe, a ration
     0 | D:1      | Reached XP level 1. HP: 28/28 MP: 1/1
   286 | D:1      | Reached XP level 2. HP: 30/36 MP: 2/2
   688 | D:1      | Reached XP level 3. HP: 38/42 MP: 3/3
  1041 | D:2      | Reached skill level 1 in Invocations
  1273 | D:2      | Reached skill level 1 in Short Blades
  1273 | D:2      | Reached skill level 1 in Long Blades
  1273 | D:2      | Reached skill level 1 in Axes
  1273 | D:2      | Reached skill level 1 in Maces & Flails
  1273 | D:2      | Reached skill level 1 in Polearms
  1273 | D:2      | Reached skill level 1 in Staves
  1273 | D:2      | Reached skill level 1 in Slings
  1273 | D:2      | Reached skill level 1 in Bows
  1273 | D:2      | Reached skill level 1 in Crossbows
  1273 | D:2      | Reached skill level 1 in Throwing
  1273 | D:2      | Reached skill level 1 in Dodging
  1273 | D:2      | Reached skill level 1 in Spellcasting
  1273 | D:2      | Reached skill level 1 in Evocations
  1298 | D:2      | Reached XP level 4. HP: 41/48 MP: 5/5
  1750 | D:2      | Reached skill level 1 in Conjurations
  1750 | D:2      | Reached skill level 1 in Hexes
  1750 | D:2      | Reached skill level 1 in Charms
  1750 | D:2      | Reached skill level 1 in Summonings
  1750 | D:2      | Reached skill level 1 in Necromancy
  1750 | D:2      | Reached skill level 1 in Translocations
  1750 | D:2      | Reached skill level 1 in Transmutations
  1750 | D:2      | Reached skill level 1 in Fire Magic
  1750 | D:2      | Reached skill level 1 in Ice Magic
  1750 | D:2      | Reached skill level 1 in Air Magic
  1750 | D:2      | Reached skill level 1 in Earth Magic
  1750 | D:2      | Reached skill level 1 in Poison Magic
  1834 | D:2      | Reached XP level 5. HP: 36/54 MP: 6/6
  2192 | D:3      | Found an ornate altar of the Wu Jian Council.
  2194 | D:3      | Found an ancient bone altar of Kikubaaqudgha.
  2198 | D:3      | Found a burning altar of Makhleb.
  2224 | D:3      | Found a faded altar of an unknown god.
  2239 | D:3      | Noticed a necrophage
  2252 | D:3      | Killed a necrophage
  2252 | D:3      | Reached XP level 6. HP: 35/59 MP: 8/8
  2389 | D:3      | Gained mutation: You are weak. (Str -2) [potion of mutation]
  2389 | D:3      | Gained mutation: You have supernaturally acute eyesight. (SInv) [potion of mutation]
  2639 | D:3      | Found a runed door.
  2643 | D:3      | Noticed Crazy Yiuf
  2652 | D:3      | Killed Crazy Yiuf
  2942 | D:4      | Noticed PeterLawrence's ghost (novice GrFi)
  2987 | D:4      | HP: 3/61 [PeterLawrence's ghost (7)]
  2988 | D:4      | Lost mutation: You are weak. (Str -2) [potion of mutation]
  2988 | D:4      | Gained mutation: You have a pair of small antennae on your head. [potion of mutation]
  2988 | D:4      | Gained mutation: You are partially covered in molten scales. (AC +2) [potion of mutation]
  2988 | D:4      | Gained mutation: Your flesh is cold resistant. (rC+) [potion of mutation]
  3314 | D:4      | Reached skill level 5 in Armour
  4089 | D:5      | Entered Level 5 of the Dungeon
  4215 | D:5      | Noticed a sky beast
  4248 | D:5      | Killed a sky beast
  4248 | D:5      | Reached XP level 7. HP: 31/67 MP: 10/10
  4419 | D:5      | Found a sand-covered staircase.
  4436 | Ossuary  | Entered an ossuary
  5724 | D:4      | HP: 1/100 [PeterLawrence's ghost (7)]
  5725 | D:4      | Slain by PeterLawrence's ghost

Vault maps used:
D:1:      dpeg_arrival_radiant, grunt_decor_arrowhead, kennysheep_nondescript
D:3:      grunt_temple_overflow_open, chequers_ecumenical_altar_simple_redux,
          first_ration, minmay_shallow_snake_nest, uniq_crazy_yiuf_cottage
D:5:      nicolae_ossuary_entry_plus
Ossuary:  ossuary_zaba_two_paths

Skill      XL: |  1  2  3  4  5  6  7 |
---------------+----------------------+-----
Fighting       | | 10.7
Invocations    | 1 2 3 |  3.0
Short Blades   | 1 2 |  2.7
Long Blades    | 1 2 |  2.7
Axes           | 1 2 |  2.7
Maces & Flails | 1 2 |  2.7
Polearms       | 1 2 |  2.7
Staves         | 1 2 |  2.7
Slings         | 1 2 |  2.7
Bows           | 1 2 |  2.7
Crossbows      | 1 2 |  2.7
Throwing       | 1 2 |  2.7
Dodging        | 1 2 |  2.7
Spellcasting   | 1 2 |  2.7
Evocations     | 1 2 |  2.7
Conjurations   | 1 2 |  2.2
Hexes          | 1 2 |  2.2
Charms         | 1 2 |  2.2
Summonings     | 1 2 |  2.2
Necromancy     | 1 2 |  2.2
Translocations | 1 2 |  2.2
Transmutations | 1 2 |  2.2
Fire Magic     | 1 2 |  2.2
Ice Magic      | 1 2 |  2.2
Air Magic      | 1 2 |  2.2
Earth Magic    | 1 2 |  2.2
Poison Magic   | 1 2 |  2.2
Shields        | 3 |  3.8
Unarmed Combat | 3 |  3.8
Stealth        | 3 |  3.6
Armour         | 5 |  5.3

Action                   |  1- 3 |  4- 6 |  7- 9 || total
-------------------------+-------+-------+-------++-------
Melee: Unarmed           |   151 |    15 |       ||   166
       Bite              |    11 |    21 |    18 ||    50
       Punch             |     2 |     1 |     2 ||     5
       Hand axe          |       |   214 |   212 ||   426
Evoke: Wand              |       |       |     5 ||     5
  Use: Potion            |       |     6 |     5 ||    11
       Scroll            |       |     6 |       ||     6
 Stab: Sleeping          |     5 |     3 |     1 ||     9
       Distracted        |       |     1 |       ||     1
  Eat: Chunk             |     1 |    10 |       ||    11
       Ration            |       |       |     1 ||     1
Armor: Robe              |    28 |     1 |       ||    29
       Leather armour    |       |    19 |       ||    19
       Scale mail        |       |    37 |    79 ||   116
       Skin              |       |    27 |    29 ||    56
Dodge: Dodged            |    86 |    90 |    86 ||   262

Table legend:
 A = Spawn XP
 B = Non-spawn XP
 C = Spawn XP percentage of total XP
 D = Spawn monster count
 E = Non-spawn monster count
 F = Spawn count percentage of total count
 G = Total turns spent on level
                    A         B        C        D         E        F      G
               +---------+---------+-------+---------+---------+-------+---------
         Total |       0 |    1118 |   0.0 |       0 |     168 |   0.0 |  5725
               +---------+---------+-------+---------+---------+-------+---------
           D:1 |       0 |      42 |   0.0 |       0 |      24 |   0.0 |   984
           D:2 |       0 |     155 |   0.0 |       0 |      35 |   0.0 |  1191
           D:3 |       0 |     209 |   0.0 |       0 |      18 |   0.0 |  1107
           D:4 |       0 |     166 |   0.0 |       0 |      17 |   0.0 |  1346
           D:5 |       0 |     325 |   0.0 |       0 |      13 |   0.0 |   743
       Ossuary |       0 |     221 |   0.0 |       0 |      61 |   0.0 |   354
               +---------+---------+-------+---------+---------+-------+---------
